[Event "Friday Night Engine Tour 13 rd Swiss 3m+1s Starts at 2200hrs ST"]
[Site "Infinity Chess"]
[Date "2018.4.13"]
[Round "4"]
[White "incredible"]
[Black "Time_bandit"]
[Result "0-1"]
[ECO "C55"]
[WhiteElo "2514"]
[BlackElo "2560"]
[WhiteEngine "stockfish_18041209_x64_bmi2"]
[BlackEngine "asmFishW_2018-02-02_popcnt"]
[EventType "Swiss"]
[WhiteTeam ""]
[BlackTeam ""]
[PlyCount "186"]
[TimeControl "180+1"]

1. e4 e5 2. Nf3 Nc6 3. Bc4 Nf6 4. d3 Bc5 5. c3 d6 6. O-O a5 7. Bg5 Ba7 8. Bh4 h6 
9. a4 g5 10. Bg3 Ne7 11. Nbd2 Ng6 12. d4 Nd7 13. Nb3 Nb6 14. Nxa5 h5 
15. Bb5+ Nd7 16. h3 g4 17. hxg4 hxg4 18. Nh2 c6 19. Bxc6 bxc6 20. Nxc6 Qg5 
21. dxe5 dxe5 22. Nxa7 Rxa7 23. Qxg4 Qh6 24. f4 Ra6 25. Rad1 exf4 26. Bxf4 Nxf4 
27. Qxf4 Qxf4 28. Rxf4 Rah6 29. Nf1 Rh1+ 30. Kf2 Ne5 31. Rd5 Ng4+ 32. Ke2 Ba6+ 
33. Kd2 Rxf1 34. Rxg4 Rf2+ 35. Ke3 Rxb2 36. Rc5 Re2+ 37. Kd4 Rd2+ 38. Ke3 Re2+ 
39. Kd4 Rd2+ 40. Ke3 Rd7 41. a5 Bb7 42. c4 Kf8 43. Rf4 Rh1 44. Rf2 Re1+ 
45. Re2 Rxe2+ 46. Kxe2 Bxe4 47. g4 Rd3 48. Ke1 Ra3 49. Kd2 Bg6 50. Re5 Kg7 
51. Rb5 Kf6 52. Rc5 Ke6 53. Rd5 Ke7 54. Re5+ Kd6 55. Rb5 Kc6 56. Rd5 Rb3 
57. Rd8 Kc5 58. a6 Ra3 59. a7 Rxa7 60. Ke3 Kxc4 61. Kf4 Kc5 62. Rd1 Ra4+ 
63. Kg5 Rd4 64. Rg1 Kd6 65. Kf6 Kd5 66. Kg5 Ke5 67. Rf1 Rd7 68. Rf4 Bd3 
69. Rf6 Be4 70. Rf1 f6+ 71. Kh4 Rg7 72. Rf2 Rh7+ 73. Kg3 Rh1 74. Rd2 Rg1+ 
75. Kh4 Bf3 76. Rb2 Rxg4+ 77. Kh3 Rg5 78. Rb4 Be4 79. Rb6 Rg2 80. Ra6 f5 
81. Ra3 Rg7 82. Kh4 f4 83. Ra5+ Bd5 84. Kh5 f3 85. Ra1 f2 86. Rf1 Rg2 
87. Kh6 Be4 88. Ra1 Rg1 89. Rf1 Rxf1 90. Kg7 Rh1 91. Kf8 f1=Q+ 92. Ke7 Rh8 
93. Kd7 Qf7# 0-1

[Event "Friday Night Engine Tour 13 rd Swiss 3m+1s Starts at 2200hrs ST"]
[Site "Infinity Chess"]
[Date "2018.4.13"]
[Round "4"]
[White "Victorious"]
[Black "MCDermont"]
[Result "1/2-1/2 "]
[ECO "C55"]
[WhiteElo "2621"]
[BlackElo "2595"]
[WhiteEngine "Cfish_x64_060418_LTO_popcnt"]
[BlackEngine "BrainFish 090218"]
[EventType "Swiss"]
[WhiteTeam ""]
[BlackTeam ""]
[PlyCount "214"]
[TimeControl "180+1"]

1. e4 e5 2. Nf3 Nc6 3. Bc4 Nf6 4. d3 Bc5 5. O-O d6 6. c3 O-O 7. Re1 a5 
8. Nbd2 Be6 9. Bb5 Ne7 10. d4 Ba7 11. Nf1 Ng6 12. Be3 c6 13. Bd3 a4 14. Bc2 b5 
15. h3 h6 16. Ng3 Bb6 17. Qd2 Re8 18. b3 axb3 19. axb3 Qc7 20. Red1 Qb7 
21. c4 Rxa1 22. Rxa1 Ra8 23. Rc1 b4 24. Nf5 Qb8 25. Rd1 Ra2 26. Qc1 Bc7 
27. Re1 Qa8 28. Bb1 Ra5 29. Nh2 Ra1 30. Qc2 c5 31. d5 Bd7 32. Ng4 Nxg4 
33. hxg4 f6 34. g3 Nh8 35. f3 Qb8 36. Ne7+ Kh7 37. Nf5 Nf7 38. Bc1 Ng5 
39. Kg2 Ra8 40. Rh1 Qf8 41. Bb2 Kg8 42. f4 Nf7 43. Qe2 Qe8 44. Ne3 Ra5 
45. Bc2 Qf8 46. Bb1 Ra7 47. Nf5 Ra8 48. Kf2 Qe8 49. Qe3 Bb6 50. Qe1 Ra6 
51. Qe2 Ra8 52. Qf3 Bc7 53. Ne3 Ra6 54. Qe2 Qc8 55. Rh2 Bb6 56. Kg1 Qf8 
57. Nf5 Ra8 58. Ne3 Qc8 59. Bd3 Ra2 60. Nf5 Qd8 61. Bb1 Ra7 62. Bd3 Qf8 
63. Rh1 Qe8 64. Qh2 Bc7 65. Bb1 Qf8 66. Qh5 Kh7 67. Ne3 Kg8 68. Nf5 Kh7 
69. Ne3 Qe8 70. Bd3 Ra2 71. Rh2 Nh8 72. Qh3 Ra8 73. Qf1 Qd8 74. Qg2 Nf7 
75. Nf5 Kg8 76. Qf3 Kh7 77. Qg2 Kg8 78. Qc2 Bc8 79. Qd1 Qd7 80. Qf1 Bd8 
81. Qh3 Kh7 82. Qg2 Kg8 83. Qh3 Ra2 84. Rf2 Kh7 85. Qh2 Kg8 86. Qh3 Qa7 
87. Bb1 Ra6 88. g5 hxg5 89. fxe5 Bxf5 90. Qxf5 dxe5 91. Qh3 Rd6 92. Qh5 Qd7 
93. Bd3 Nh6 94. Be2 Ra6 95. Rh2 Bc7 96. Bd1 Kf8 97. Qg6 Qf7 98. Qh7 Bd6 
99. Qh8+ Ke7 100. Qc8 Ra7 101. Bh5 Qg8 102. Qh3 Kd8 103. Rf2 Kc7 104. Qh1 Ra8 
105. Bg6 Kb7 106. Qf3 Qc8 107. Bh5 Qd7 1/2-1/2

[Event "Friday Night Engine Tour 13 rd Swiss 3m+1s Starts at 2200hrs ST"]
[Site "Infinity Chess"]
[Date "2018.4.13"]
[Round "3"]
[White "RonWeasley"]
[Black "alexxx97"]
[Result "1/2-1/2"]
[ECO "D30"]
[WhiteElo "2488"]
[BlackElo "2340"]
[WhiteEngine "BrainFish 090218_CTG"]
[BlackEngine "stockfish_x64_modern_CTG"]
[EventType "Swiss"]
[WhiteTeam ""]
[BlackTeam ""]
[PlyCount "168"]
[TimeControl "180+1"]

1. d4 d5 2. c4 e6 3. Nf3 Nf6 4. Nc3 c6 5. Bg5 h6 6. Bxf6 Qxf6 7. e3 Nd7 
8. Be2 Qd8 9. Qc2 Be7 10. Rc1 a6 11. O-O O-O 12. a3 b6 13. Rfd1 Bb7 14. e4 Re8 
15. e5 dxc4 16. Bxc4 Qb8 17. Qe2 c5 18. d5 exd5 19. Bxd5 Bxd5 20. Rxd5 Nf8 
21. Rcd1 Ne6 22. Qe4 Qb7 23. Ne1 b5 24. Nc2 b4 25. Rd7 Qxe4 26. Nxe4 bxa3 
27. bxa3 c4 28. g3 Ng5 29. Nd6 Nf3+ 30. Kg2 Nxe5 31. Nxe8 Nxd7 32. Nxg7 Bf8 
33. Nf5 Ne5 34. Rd4 Rb8 35. Nfe3 Bc5 36. Rd5 Bxe3 37. Nxe3 f6 38. Rc5 Rb3 
39. a4 Rb2 40. Rc8+ Kg7 41. Rc7+ Kf8 42. Nxc4 Rc2 43. Rc8+ Kg7 44. Rc7+ Kf8 
45. Rc8+ Kg7 46. Nd6 Ra2 47. Rc3 Kg6 48. h3 a5 49. Nb7 Rxa4 50. Rc5 Nc4 
51. h4 h5 52. Kh3 f5 53. Rc6+ Kh7 54. Kg2 Rb4 55. Nc5 Rb2 56. Rc7+ Kh6 
57. Rc6+ Kh7 58. Rc7+ Kh6 59. Ne6 Ne3+ 60. Kg1 Rb1+ 61. Kh2 Ng4+ 62. Kg2 Rb6 
63. Nf8 Nf6 64. Ra7 Rb8 65. Ne6 Ng4 66. Kf1 Rb1+ 67. Ke2 Rb2+ 68. Ke1 Rb1+ 
69. Kd2 Rb2+ 70. Ke1 Rb1+ 71. Kd2 Rb2+ 72. Kc1 Rxf2 73. Nf8 Nf6 74. Rf7 a4 
75. Rxf6+ Kg7 76. Nd7 Rf3 77. Ra6 f4 78. Ne5 Rxg3 79. Rxa4 Kf6 80. Ra5 Rh3 
81. Kd2 Rxh4 82. Nd3 Rh2+ 83. Kc1 h4 84. Nxf4 Rf2 1/2-1/2

[Event "Friday Night Engine Tour 13 rd Swiss 3m+1s Starts at 2200hrs ST"]
[Site "Infinity Chess"]
[Date "2018.4.13"]
[Round "3"]
[White "OlivierEvan"]
[Black "klasman"]
[Result "1/2-1/2"]
[ECO "A20"]
[WhiteElo "2424"]
[BlackElo "2403"]
[WhiteEngine "cfish_9_x64_modern_windows"]
[BlackEngine "Raubfisch ME262_GTZ17a."]
[EventType "Swiss"]
[WhiteTeam ""]
[BlackTeam ""]
[PlyCount "118"]
[TimeControl "180+1"]

1. c4 e5 2. g3 Nf6 3. Bg2 d5 4. cxd5 Nxd5 5. Nf3 Nc6 6. Nc3 Nb6 7. d3 Be7 
8. Be3 O-O 9. O-O Be6 10. d4 exd4 11. Nxd4 Nxd4 12. Bxd4 c6 13. b3 Bb4 
14. Ne4 Qe7 15. Qc1 Bd5 16. Bc5 Bxc5 17. Qxc5 Rae8 18. Qxe7 Rxe7 19. Nc3 Bxg2 
20. Kxg2 g6 21. Rfd1 Nd7 22. Na4 f5 23. e3 Kf7 24. Rac1 Rc8 25. h3 Nf6 
26. Kf3 Rd7 27. Rxd7+ Nxd7 28. g4 b6 29. Rd1 Ke6 30. Nc3 Nf6 31. g5 Nd7 
32. Kg3 Nc5 33. h4 Rc7 34. Rd8 Rd7 35. Re8+ Kd6 36. b4 Nd3 37. a3 Ne5 38. Ne2 c5 
39. Nc3 cxb4 40. axb4 Nd3 41. h5 gxh5 42. Rf8 Nxb4 43. Rxf5 Kc6 44. Kh4 a5 
45. Kxh5 Ra7 46. Rf6+ Kc5 47. Na4+ Kb5 48. Nxb6 Ra6 49. Nc8 a4 50. Nd6+ Kc5 
51. Ne4+ Kc4 52. Rxa6 Nxa6 53. Nd2+ Kb4 54. Nb1 Kb3 55. f4 Kb2 56. Nd2 Kc3 
57. Nb1+ Kb2 58. Nd2 Kc3 59. Nb1+ Kb2 1/2-1/2

[Event "Friday Night Engine Tour 13 rd Swiss 3m+1s Starts at 2200hrs ST"]
[Site "Infinity Chess"]
[Date "2018.4.13"]
[Round "3"]
[White "Dovahkiin"]
[Black "MGR"]
[Result "1/2-1/2"]
[ECO "D12"]
[WhiteElo "2405"]
[BlackElo "2503"]
[WhiteEngine "Raubfisch ME262_GTZ16f_CTG"]
[BlackEngine "Raubfisch ME262_GTZ17b"]
[EventType "Swiss"]
[WhiteTeam ""]
[BlackTeam ""]
[PlyCount "131"]
[TimeControl "180+1"]

1. d4 d5 2. c4 c6 3. Nf3 Nf6 4. e3 Bf5 5. Nc3 e6 6. Nh4 Be4 7. f3 Bg6 8. Qb3 Qc7 
9. Bd2 Nbd7 10. g3 dxc4 11. Bxc4 O-O-O 12. Rc1 e5 13. Nxg6 fxg6 14. Nb5 Qb6 
15. Qa4 exd4 16. Ba5 Qc5 17. Nxd4 Nb6 18. Be6+ Kb8 19. Rxc5 Nxa4 20. Rc2 Re8 
21. Kf2 Bc5 22. Re1 Bxd4 23. exd4 Nb6 24. Rce2 Nbd5 25. Re5 b6 26. Bd2 Rd8 
27. h4 Kb7 28. Bg5 Rd6 29. Bh3 a5 30. Bd2 Kb8 31. R5e2 Nb4 32. Re6 Nd3+ 
33. Kf1 Rhd8 34. Rxd6 Rxd6 35. Re7 Rxd4 36. Bc3 Rd8 37. Be6 Nc5 38. g4 Nxe6 
39. Rxe6 Nd5 40. Bxg7 Kb7 41. Kf2 b5 42. Bd4 Rd7 43. Re4 a4 44. Bc5 Nc7 
45. Kg3 Kc8 46. b3 Rd5 47. Bb6 axb3 48. axb3 Rd3 49. Bxc7 Kxc7 50. Re7+ Rd7 
51. Rxd7+ Kxd7 52. Kf4 Ke6 53. Ke4 c5 54. f4 b4 55. f5+ gxf5+ 56. gxf5+ Kf6 
57. Kd5 Kxf5 58. Kxc5 Kg4 59. Kxb4 Kxh4 60. Kc5 h5 61. b4 Kg4 62. b5 h4 
63. b6 h3 64. b7 h2 65. b8=Q h1=Q 66. Qg8+ 1/2-1/2

[Event "Friday Night Engine Tour 13 rd Swiss 3m+1s Starts at 2200hrs ST"]
[Site "Infinity Chess"]
[Date "2018.4.13"]
[Round "3"]
[White "Cepri"]
[Black "incredible"]
[Result "1/2-1/2"]
[ECO "B90"]
[WhiteElo "2510"]
[BlackElo "2514"]
[WhiteEngine "asmfishw_08A18b_CTG"]
[BlackEngine "stockfish_18041209_x64_bmi2"]
[EventType "Swiss"]
[WhiteTeam ""]
[BlackTeam ""]
[PlyCount "131"]
[TimeControl "180+1"]

1. e4 c5 2. Nf3 d6 3. d4 cxd4 4. Nxd4 Nf6 5. Nc3 a6 6. Be3 e5 7. Nb3 Be6 
8. Be2 Be7 9. Qd3 O-O 10. O-O Nbd7 11. Nd5 Bxd5 12. exd5 Rc8 13. c4 Ne8 
14. Qd2 f5 15. g3 b6 16. Kh1 g6 17. f3 Bf6 18. Rae1 Ng7 19. Bd3 Rf7 20. Bh6 Nh5 
21. Nc1 Nc5 22. Bc2 b5 23. cxb5 axb5 24. Ne2 Bg7 25. Bxg7 Rxg7 26. b4 Na6 
27. Bd3 Nc7 28. Nc3 Rb8 29. Ra1 Nf6 30. a4 bxa4 31. Rxa4 Rf7 32. Be2 Na8 
33. Ra6 Nc7 34. Ra4 Rb7 35. Rfa1 Qb8 36. Rb1 Kg7 37. Kg2 Na8 38. Ra2 Nb6 
39. Ba6 Ra7 40. Ra5 Rac7 41. Qd3 h5 42. Kh1 Qh8 43. Rg1 h4 44. gxh4 Qxh4 
45. Nb5 Rcd7 46. Qxf5 Qh6 47. Qd3 Nfxd5 48. Nc3 Nf4 49. Qe3 Nh3 50. Qxh6+ Kxh6 
51. Rg3 Nf4 52. Rg1 Nh3 53. Rg3 Nf4 54. Rg1 Rc7 55. Ne2 Nbd5 56. Nxf4 Nxf4 
57. b5 Rc2 58. Raa1 Nd3 59. Rg2 Nf2+ 60. Kg1 Rxf3 61. Rb1 e4 62. b6 Nh3+ 
63. Kh1 Nf2+ 64. Kg1 Nh3+ 65. Kh1 Nf2+ 66. Kg1 1/2-1/2

[Event "Friday Night Engine Tour 13 rd Swiss 3m+1s Starts at 2200hrs ST"]
[Site "Infinity Chess"]
[Date "2018.4.13"]
[Round "3"]
[White "Time_bandit"]
[Black "Vimtiroba"]
[Result "1/2-1/2"]
[ECO "C77"]
[WhiteElo "2561"]
[BlackElo "2526"]
[WhiteEngine "asmFishW_2018-02-02_popcnt"]
[BlackEngine "SF9 ''A5''_CTG"]
[EventType "Swiss"]
[WhiteTeam ""]
[BlackTeam ""]
[PlyCount "127"]
[TimeControl "180+1"]

1. e4 e5 2. Nf3 Nc6 3. Bb5 a6 4. Ba4 Nf6 5. O-O Be7 6. Re1 b5 7. Bb3 O-O 
8. c3 d5 9. exd5 Nxd5 10. Nxe5 Nxe5 11. Rxe5 c6 12. d4 Bd6 13. Re1 Qh4 
14. g3 Qh3 15. Be3 Be6 16. Qf3 a5 17. Qg2 Qf5 18. Bd1 b4 19. c4 Nxe3 
20. fxe3 Bxc4 21. Nd2 Bb5 22. Rc1 Rac8 23. Ne4 Rcd8 24. Nc5 Qg5 25. Ne4 Qe7 
26. Nxd6 Rxd6 27. Qf2 Rfd8 28. Bf3 a4 29. Rc5 Rf6 30. Rec1 g6 31. Re5 Re6 
32. Rcc5 Rdd6 33. Bg4 Rxe5 34. Rxe5 Qd8 35. Bf3 Rf6 36. b3 axb3 37. axb3 Qd7 
38. g4 h6 39. h4 Re6 40. Rc5 Re8 41. h5 g5 42. Qd2 Qe6 43. Re5 Qd7 
44. Rxe8+ Qxe8 45. Kf2 Qe7 46. Qc2 Qe6 47. Qb1 Qd6 48. Kg2 Qe6 49. Kf2 Qd6 
50. Kg2 Qe7 51. Kf2 Qc7 52. Kg2 Qd6 53. Qc2 Kg7 54. Be4 Qf6 55. Bd3 Qe6 
56. Kf3 Bxd3 57. Qxd3 Qd5+ 58. Qe4 Qxb3 59. Qe5+ Kf8 60. Qb8+ Ke7 61. Qc7+ Kf8 
62. Qb8+ Ke7 63. Qc7+ Kf8 64. Qb8+ 1/2-1/2

[Event "Friday Night Engine Tour 13 rd Swiss 3m+1s Starts at 2200hrs ST"]
[Site "Infinity Chess"]
[Date "2018.4.13"]
[Round "3"]
[White "MCDermont"]
[Black "KRAKEN"]
[Result "1-0 "]
[ECO "C55"]
[WhiteElo "2579"]
[BlackElo "2583"]
[WhiteEngine "BrainFish 090218"]
[BlackEngine "Raubfisch X38b_CTG"]
[EventType "Swiss"]
[WhiteTeam ""]
[BlackTeam ""]
[PlyCount "197"]
[TimeControl "180+1"]

1. e4 e5 2. Nf3 Nc6 3. Bc4 Nf6 4. d3 Bc5 5. c3 O-O 6. O-O d6 7. Nbd2 a6 
8. a4 Ba7 9. h3 Ne7 10. Re1 Ng6 11. d4 c6 12. Bf1 Re8 13. Qc2 Qc7 14. dxe5 Nxe5 
15. Nxe5 dxe5 16. a5 h6 17. Nf3 Qe7 18. Bd2 Nh7 19. Qc1 Qf6 20. Be3 Bb8 
21. Kh2 Be6 22. b4 Bc7 23. Qc2 Qg6 24. g3 Rad8 25. Rad1 Ng5 26. Nxg5 hxg5 
27. Be2 Qh7 28. g4 f6 29. Kg2 Kf7 30. Rb1 Rh8 31. Rh1 Qg8 32. c4 Kg6 33. Rh2 Qf7 
34. Rbh1 Rh4 35. f3 Rdh8 36. Bf2 R4h6 37. c5 Kh7 38. h4 gxh4 39. Rxh4 Kg8 
40. Bd3 Rxh4 41. Rxh4 Rxh4 42. Bxh4 Kf8 43. Bg3 Bd8 44. Qf2 Bc7 45. Qe2 Ke7 
46. Kf2 Kd7 47. Qe3 Bc4 48. Kg2 Kc8 49. Bc2 Qd7 50. Qc3 Qf7 51. Kf2 Qe6 
52. Ba4 Qf7 53. Bc2 Kb8 54. Qe3 Kc8 55. Kg2 Qd7 56. Be1 Kb8 57. Bd2 g6 
58. Be1 Qe6 59. Bf2 Kc8 60. Bg3 Bb5 61. Qc3 Bc4 62. Qd2 Qe7 63. Bb1 Qf7 
64. Bc2 Qg7 65. Qe1 Qf7 66. Bh4 Qe7 67. Bg3 Qh7 68. Qc3 Qf7 69. Bd1 Kb8 
70. Bh4 Be6 71. Bg3 Qd7 72. Bc2 Qh7 73. Bb3 Bd7 74. Qc4 Qh6 75. Qd3 Bc8 
76. Bc2 Ka7 77. Bf2 Be6 78. Qe3 Qf8 79. Qd3 Qh6 80. Bb3 Bc8 81. Be3 Qh4 
82. Qe2 f5 83. Bf2 Qd8 84. Bf7 Qf6 85. Bb3 fxg4 86. fxg4 Qf4 87. Bg3 Qh6 
88. Bd1 Qg5 89. Kh3 Be6 90. Kg2 Qd8 91. Bf2 Qd7 92. Kg3 Bd8 93. Be3 Qe7 
94. Qh2 Qf7 95. Qd2 Bc7 96. Qd3 Kb8 97. Be2 Ka7 98. Qd2 Qf6 99. Bg5 1-0

[Event "Friday Night Engine Tour 13 rd Swiss 3m+1s Starts at 2200hrs ST"]
[Site "Infinity Chess"]
[Date "2018.4.13"]
[Round "3"]
[White "star99"]
[Black "Victorious"]
[Result "0-1"]
[ECO "D43"]
[WhiteElo "2526"]
[BlackElo "2608"]
[WhiteEngine "Cryptic Heroes 9.4B"]
[BlackEngine "Cfish_x64_060418_LTO_popcnt"]
[EventType "Swiss"]
[WhiteTeam ""]
[BlackTeam ""]
[PlyCount "184"]
[TimeControl "180+1"]

1. d4 d5 2. c4 e6 3. Nc3 Nf6 4. Nf3 c6 5. Bg5 Nbd7 6. e3 h6 7. Bf4 Nh5 
8. Be5 Nhf6 9. Bg3 Nh5 10. Be5 Nhf6 11. Bg3 Nh5 12. Bh4 g5 13. Bg3 Nxg3 
14. hxg3 Bg7 15. Qc2 a6 16. O-O-O O-O 17. Kb1 b5 18. c5 f5 19. Bd3 Qe7 
20. Rh2 a5 21. Rdh1 Qf6 22. Rh5 Ba6 23. Ne2 b4 24. Nc1 g4 25. Bxa6 Rxa6 
26. Ng1 a4 27. Qd2 Ra7 28. Nd3 Rb7 29. Ne2 e5 30. Kc1 a3 31. b3 e4 32. Nxb4 Rfb8 
33. Nc2 Nxc5 34. Kd1 Nd3 35. Nc1 Nxc1 36. Kxc1 c5 37. Qa5 Bf8 38. Kb1 Rb6 
39. Qa7 c4 40. b4 Bxb4 41. Nxb4 c3 42. Qd7 Qe6 43. Qxe6+ Rxe6 44. Kc2 Rxb4 
45. Rxh6 Rxh6 46. Rxh6 Rb2+ 47. Kxc3 Rxf2 48. Kb4 Kg7 49. Rd6 Rxa2 50. Rxd5 Rxg2 
51. Rxf5 Rxg3 52. Kxa3 Kg6 53. Rf8 Rxe3+ 54. Kb4 g3 55. Rg8+ Kf5 56. Kc4 Rd3 
57. Kd5 e3 58. Rxg3 Kf4 59. Rg2 Kf3 60. Rh2 e2 61. Rh3+ Kf4 62. Rxd3 e1=Q 
63. Rb3 Qe4+ 64. Kc4 Qc2+ 65. Rc3 Qa4+ 66. Kd5 Qd7+ 67. Kc4 Ke4 68. Kb4 Qb7+ 
69. Ka5 Kxd4 70. Rc1 Qb2 71. Rc7 Kd5 72. Ka4 Qb6 73. Rc1 Kd4 74. Rc2 Qe6 
75. Kb4 Qe1+ 76. Kb3 Qb1+ 77. Rb2 Qd3+ 78. Ka2 Kc4 79. Rb7 Qc2+ 80. Ka3 Qc3+ 
81. Ka2 Qa5+ 82. Kb2 Qe5+ 83. Ka2 Kc3 84. Rb2 Qa5+ 85. Kb1 Qa4 86. Rb8 Qd1+ 
87. Ka2 Qd5+ 88. Ka1 Qh1+ 89. Ka2 Qh2+ 90. Kb1 Qxb8+ 91. Kc1 Qb2+ 92. Kd1 Qd2# 
0-1

[Event "Friday Night Engine Tour 13 rd Swiss 3m+1s Starts at 2200hrs ST"]
[Site "Infinity Chess"]
[Date "2018.4.13"]
[Round "2"]
[White "alexxx97"]
[Black "OlivierEvan"]
[Result "1/2-1/2"]
[ECO "B28"]
[WhiteElo "2323"]
[BlackElo "2428"]
[WhiteEngine "stockfish_x64_modern_CTG"]
[BlackEngine "cfish_9_x64_modern_windows"]
[EventType "Swiss"]
[WhiteTeam ""]
[BlackTeam ""]
[PlyCount "127"]
[TimeControl "180+1"]

1. e4 c5 2. Nf3 a6 3. c4 Nc6 4. d4 cxd4 5. Nxd4 e5 6. Nf5 d6 7. Nc3 g6 
8. Ne3 Be6 9. Bd3 Bh6 10. Nc2 Bg7 11. O-O Nh6 12. Bd2 Rc8 13. Qc1 Ng4 
14. Nd5 O-O 15. Bg5 f6 16. Bh4 Bxd5 17. exd5 Nb8 18. f3 Nh6 19. b4 Qc7 
20. Qa3 f5 21. Rae1 Nd7 22. Bf2 e4 23. fxe4 Ne5 24. Nd4 Nxd3 25. Qxd3 Qxc4 
26. Qxc4 Rxc4 27. Ne6 Re8 28. Bg3 fxe4 29. Bxd6 Nf5 30. Nxg7 Kxg7 31. Bc5 h5 
32. Rf4 Kf6 33. g4 hxg4 34. Rxg4 Ke5 35. d6 Nxd6 36. Rxg6 Nf5 37. Rf1 Re6 
38. Rg5 Rf6 39. h4 Ke6 40. h5 e3 41. Rg8 Rh6 42. Rg5 Rf6 43. Rg8 Rh4 
44. Bxe3 Rxh5 45. Bd2 Rh3 46. Bc1 Rd3 47. a4 Nd6 48. Rxf6+ Kxf6 49. Bf4 Nc4 
50. Kf2 Kf5 51. Bh6 Nb2 52. Rg5+ Ke4 53. b5 Rd6 54. Rg4+ Kd3 55. Bg7 Nc4 
56. Rg3+ Kd2 57. bxa6 bxa6 58. a5 Rd5 59. Rg4 Nd6 60. Rd4+ Rxd4 61. Bxd4 Ne4+ 
62. Kf3 Kd3 63. Bb6 Nd2+ 64. Kg4 1/2-1/2

[Event "Friday Night Engine Tour 13 rd Swiss 3m+1s Starts at 2200hrs ST"]
[Site "Infinity Chess"]
[Date "2018.4.13"]
[Round "2"]
[White "localhero"]
[Black "RonWeasley"]
[Result "1/2-1/2"]
[ECO "C11"]
[WhiteElo "2500"]
[BlackElo "2487"]
[WhiteEngine "asmFishW_2017-10-04_popcnt"]
[BlackEngine "BrainFish 090218_CTG"]
[EventType "Swiss"]
[WhiteTeam ""]
[BlackTeam ""]
[PlyCount "120"]
[TimeControl "180+1"]

1. e4 e6 2. d4 d5 3. Nc3 Nf6 4. e5 Nfd7 5. f4 c5 6. Nf3 Nc6 7. Be3 cxd4 
8. Nxd4 Qb6 9. Qd2 Qxb2 10. Rb1 Qa3 11. Bb5 Nxd4 12. Bxd4 a6 13. Bxd7+ Bxd7 
14. Rb3 Qe7 15. Rxb7 Rc8 16. O-O Qd8 17. f5 exf5 18. Qd3 Bc5 19. Bxc5 Rxc5 
20. Nxd5 Bc8 21. Re7+ Kf8 22. Qa3 Qa5 23. Qxa5 Rxa5 24. Rc7 Be6 25. Nf4 Rxe5 
26. Nxe6+ Rxe6 27. Rxf5 Re7 28. Rc8+ Re8 29. Rc7 Re7 30. Rc8+ Re8 31. Rc6 g6 
32. Rf4 a5 33. Ra6 Kg7 34. Rxa5 Re7 35. Raa4 Rd8 36. Rad4 Rc8 37. Rc4 Rec7 
38. Rxc7 Rxc7 39. a4 Rxc2 40. Rf2 Rc1+ 41. Rf1 Rc5 42. Rf2 Ra5 43. Ra2 Kf6 
44. Kf2 g5 45. Kf3 Kg6 46. Kg4 h5+ 47. Kf3 Kf5 48. Ke3 Ke6 49. g3 Kf5 
50. Kf3 g4+ 51. Ke3 Kg6 52. Kd4 Kg5 53. Ke3 f5 54. Kd4 h4 55. Kc3 hxg3 
56. hxg3 f4 57. gxf4+ Kxf4 58. Kb4 Ra8 59. Rg2 g3 60. Ra2 Kg4 1/2-1/2

[Event "Friday Night Engine Tour 13 rd Swiss 3m+1s Starts at 2200hrs ST"]
[Site "Infinity Chess"]
[Date "2018.4.13"]
[Round "2"]
[White "Dovahkiin"]
[Black "klasman"]
[Result "1/2-1/2"]
[ECO "D11"]
[WhiteElo "2405"]
[BlackElo "2403"]
[WhiteEngine "Raubfisch ME262_GTZ16f_CTG"]
[BlackEngine "Raubfisch ME262_GTZ17a."]
[EventType "Swiss"]
[WhiteTeam ""]
[BlackTeam ""]
[PlyCount "127"]
[TimeControl "180+1"]

1. d4 d5 2. c4 c6 3. Nf3 Nf6 4. e3 e6 5. b3 c5 6. Bb2 cxd4 7. Nxd4 e5 8. Nf3 Nc6 
9. a3 Bd6 10. cxd5 Nxd5 11. Nbd2 f6 12. b4 Be6 13. Bd3 O-O 14. Qb1 h6 
15. O-O Qd7 16. Rd1 Rfd8 17. Nh4 Nce7 18. h3 a5 19. bxa5 Qa4 20. Ne4 Rac8 
21. Nxd6 Rxd6 22. Ng6 Nxg6 23. Bxg6 Qxa5 24. a4 Rd7 25. Rc1 Rxc1+ 26. Qxc1 Rd8 
27. Qb1 Qb4 28. a5 Ne7 29. Bh5 Ra8 30. Ba3 Qxb1+ 31. Rxb1 Nc6 32. Rxb7 Rxa5 
33. Bb2 Ra7 34. Rb6 Bd5 35. Bg6 Ra8 36. Rb7 Ra7 37. Rxa7 Nxa7 38. h4 Nc8 
39. Ba3 Nb6 40. Kh2 Bf7 41. Bc2 Nc4 42. Bb4 g5 43. hxg5 hxg5 44. Kg3 Nb2 
45. Ba3 Nc4 46. Bc5 Kg7 47. Kf3 Bd5+ 48. e4 Bc6 49. Ke2 Bb5 50. Ke1 Nb2 
51. Ba7 Bd3 52. Kd2 Bxc2 53. Kxc2 Nc4 54. Kd3 Nd6 55. Bc5 Nb5 56. f3 Nc7 
57. g3 Ne8 58. Be3 Nc7 59. f4 gxf4 60. gxf4 exf4 61. Bxf4 Ne6 62. Bd2 Nc5+ 
63. Kd4 Nb3+ 64. Kc3 1/2-1/2

[Event "Friday Night Engine Tour 13 rd Swiss 3m+1s Starts at 2200hrs ST"]
[Site "Infinity Chess"]
[Date "2018.4.13"]
[Round "2"]
[White "MGR"]
[Black "Cepri"]
[Result "1/2-1/2"]
[ECO "C55"]
[WhiteElo "2503"]
[BlackElo "2510"]
[WhiteEngine "Raubfisch ME262_GTZ17b"]
[BlackEngine "asmfishw_08A18b_CTG"]
[EventType "Swiss"]
[WhiteTeam ""]
[BlackTeam ""]
[PlyCount "88"]
[TimeControl "180+1"]

1. e4 e5 2. Nf3 Nc6 3. Bc4 Nf6 4. d3 Bc5 5. c3 d6 6. O-O O-O 7. Nbd2 a6 8. a4 h6 
9. b4 Ba7 10. Ba2 Ne7 11. a5 Ng6 12. Nc4 Re8 13. Be3 d5 14. exd5 Nxd5 
15. Bxa7 Rxa7 16. Ne3 Ndf4 17. d4 e4 18. Nd2 b5 19. Qc2 Bb7 20. Rae1 Qg5 
21. f3 Nh4 22. Nxe4 Nxf3+ 23. Rxf3 Bxe4 24. Bxf7+ Kxf7 25. Qa2+ Kf8 
26. Rxf4+ Qxf4 27. Rf1 Qxf1+ 28. Nxf1 c6 29. Ne3 h5 30. h4 Rae7 31. Qd2 Kg8 
32. d5 Rd7 33. Qd4 cxd5 34. Qb6 Bd3 35. Qxa6 d4 36. cxd4 Rxd4 37. Qb6 Rde4 
38. Nd5 Rf8 39. a6 Rf1+ 40. Kh2 Rxh4+ 41. Kg3 Rg4+ 42. Kh2 Rh4+ 43. Kg3 Rg4+ 
44. Kh2 Rh4+ 1/2-1/2

[Event "Friday Night Engine Tour 13 rd Swiss 3m+1s Starts at 2200hrs ST"]
[Site "Infinity Chess"]
[Date "2018.4.13"]
[Round "2"]
[White "incredible"]
[Black "Vimtiroba"]
[Result "1/2-1/2"]
[ECO "C53"]
[WhiteElo "2514"]
[BlackElo "2526"]
[WhiteEngine "stockfish_18041209_x64_bmi2"]
[BlackEngine "SF9 ''A5''_CTG"]
[EventType "Swiss"]
[WhiteTeam ""]
[BlackTeam ""]
[PlyCount "124"]
[TimeControl "180+1"]

1. e4 e5 2. Nf3 Nc6 3. Bc4 Bc5 4. c3 Nf6 5. d3 O-O 6. O-O a5 7. d4 Bb6 
8. dxe5 Ng4 9. Bf4 Qe8 10. Qd5 Ne7 11. Qd2 Ng6 12. Na3 N6xe5 13. Nxe5 Nxe5 
14. Bb5 Qe7 15. Bg5 f6 16. Be3 Bxe3 17. Qxe3 d6 18. f4 Nd7 19. Bc4+ Kh8 
20. Rae1 c6 21. Nc2 Nc5 22. Nd4 Bd7 23. Bd3 Nxd3 24. Qxd3 Rfe8 25. Rf2 Rad8 
26. b3 b5 27. Rfe2 Qf7 28. h3 Kg8 29. Rd1 a4 30. Rdd2 Ra8 31. Nf3 axb3 
32. axb3 Qh5 33. Re1 h6 34. e5 d5 35. Qe3 fxe5 36. Nxe5 Qh4 37. Qf2 Qe7 
38. c4 bxc4 39. bxc4 Qd6 40. c5 Qc7 41. Rb2 Bf5 42. Rb6 Re6 43. Kh2 Be4 
44. Re3 Rf6 45. Qb2 Rxf4 46. Rxc6 Rb8 47. Qd4 Qe7 48. Ng6 Qe8 49. Rd6 Rf5 
50. Nh4 Rh5 51. c6 Qf8 52. Rd7 Rxh4 53. c7 Re8 54. Rxd5 Qf4+ 55. Rg3 Qxc7 
56. Rd7 Rxh3+ 57. gxh3 Qc2+ 58. Kg1 Qc1+ 59. Qd1 Qc5+ 60. Qd4 Qc1+ 61. Qd1 Qc5+ 
62. Qd4 Qc1+ 1/2-1/2

[Event "Friday Night Engine Tour 13 rd Swiss 3m+1s Starts at 2200hrs ST"]
[Site "Infinity Chess"]
[Date "2018.4.13"]
[Round "2"]
[White "MCDermont"]
[Black "Time_bandit"]
[Result "1/2-1/2 "]
[ECO "C55"]
[WhiteElo "2580"]
[BlackElo "2560"]
[WhiteEngine "BrainFish 090218"]
[BlackEngine "asmFishW_2018-02-02_popcnt"]
[EventType "Swiss"]
[WhiteTeam ""]
[BlackTeam ""]
[PlyCount "187"]
[TimeControl "180+1"]

1. e4 e5 2. Nf3 Nc6 3. Bc4 Nf6 4. d3 Bc5 5. c3 d6 6. O-O a5 7. Nbd2 O-O 
8. Re1 h6 9. Nf1 a4 10. h3 Ra5 11. Ng3 Bb6 12. Rb1 Be6 13. Bxe6 fxe6 
14. Be3 Bxe3 15. Rxe3 Nh7 16. Qe2 Rf7 17. Rd1 Nf8 18. d4 Ng6 19. Qd2 Ra8 
20. Ne2 Qf6 21. Qd3 Rff8 22. Qc2 b5 23. Rf1 Qe7 24. b4 axb3 25. axb3 Qe8 
26. Qb2 Qb8 27. Rd1 Ra7 28. Qd2 Qa8 29. Nc1 Ra1 30. Kh2 Rf7 31. Nd3 Ra2 
32. Qe1 Kh7 33. dxe5 Ngxe5 34. Nfxe5 Nxe5 35. Nxe5 dxe5 36. f3 Qa3 37. Red3 Qb2 
38. Qg3 Rf6 39. Rd8 Qf2 40. Qxf2 Rxf2 41. R8d3 c5 42. c4 bxc4 43. bxc4 Rc2 
44. h4 Kg6 45. Rb3 h5 46. Kh3 Rf8 47. Rd7 Rxc4 48. Rb6 Kf6 49. Rc7 Rb4 
50. Ra6 Rc4 51. Rb6 Re8 52. Rb5 Rf8 53. Rbxc5 Rxc5 54. Rxc5 Rb8 55. Kg3 Rb3 
56. Kh3 Rb2 57. Kg3 Rb7 58. Rc6 Rb1 59. Kh3 Rb8 60. Kg3 Rb2 61. Rc7 Rb3 
62. Kh3 Rb4 63. Rc5 Rb1 64. Kg3 Rb4 65. Rc6 Rb5 66. Rc4 Rb3 67. Kh3 Rb2 
68. Rc7 Rb4 69. Rc6 Rb7 70. Rc4 Rb6 71. Kg3 Rb3 72. Kh3 Kg6 73. Rc6 Kf7 
74. Kg3 Rb8 75. Kh3 Kf6 76. Rd6 Rb3 77. Kh2 Ke7 78. Rc6 Rb2 79. Kh3 Kf6 
80. Ra6 Kf7 81. Ra4 Kf6 82. Ra6 Ke7 83. Kg3 Rb8 84. Ra5 Kf6 85. Ra7 Rb2 
86. Ra6 Rb3 87. Kh3 Rb2 88. Ra8 Kf7 89. Ra1 Rb4 90. Ra5 Kf6 91. Ra6 Rb3 
92. Kg3 Ke7 93. Kh3 Rb1 94. Ra5 1/2-1/2